 Dungeon Crawl Stone Soup version 0.28-a0-1356-g2ad6d04315 (webtiles) character file.

Game seed: 3215419117705543630

3238 gimp the Twirler (level 9, -1/74 HPs)
             Began as a Demigod Wanderer on Dec 30, 2021.
             Slain by a two-headed ogre (15 damage)
             ... on level 7 of the Dungeon.
             The game lasted 00:14:50 (10787 turns).

gimp the Twirler (Demigod Wanderer)                Turns: 10787, Time: 00:14:50

Health: -1/74      AC:  7    Str: 14    XL:     9   Next: 40%
Magic:  13/13      EV: 13    Int: 16    God:
Gold:   280        SH:  0    Dex: 22    Spells: 9/10 levels left

rFire   . . .      SeeInvis .   a - +0 whip (elec)
rCold   . . .      Faith    .   (no shield)
rNeg    . . .      Spirit   .   v - +0 ring mail
rPois   .          Reflect  .   (no helmet)
rElec   .          Harm     .   (no cloak)
rCorr   .          Rampage  .   (no gloves)
Will    +....                   p - +0 pair of boots
Stlth   +.........              (no amulet)
HPRegen 0.22/turn               w - ring of willpower
MPRegen 0.13/turn               (no ring)

@: no status effects
A: high mp 1, forlorn, divine attributes
a: no special abilities


You were on level 7 of the Dungeon.
You visited 1 branch of the dungeon, and saw 7 of its levels.

You collected 280 gold pieces.

Inventory:

Hand Weapons
 a - a +0 whip of electrocution (weapon)
 b - the +9 whip "Kungiusk" {freeze, rC+}
   (You found it on level 4 of the Dungeon)

   It freezes those it strikes, dealing additional cold damage.
   It can also slow down cold-blooded creatures.
   rC:        It protects you from cold.
 m - a +3 quarterstaff
Missiles
 e - 6 curare-tipped darts
 q - 38 poisoned darts
Armour
 n - a +2 robe of willpower
 p - a +0 pair of boots (worn)
 v - a +0 ring mail (worn)
Jewellery
 w - a ring of willpower (left hand)
Wands
 j - a wand of flame (14)
 r - a wand of paralysis (4)
 x - a wand of acid (6)
Scrolls
 k - 2 scrolls of fear
 l - 3 scrolls of teleportation
Potions
 c - a potion of attraction {unknown}
 d - a potion of heal wounds
 f - 9 potions of curing
 g - a potion of haste
 h - a potion of might
 i - 2 potions of invisibility
 o - 2 potions of brilliance {unknown}
 s - 2 potions of ambrosia
 t - a potion of berserk rage
 u - a potion of flight


   Skills:
 - Level 5.0 Fighting
 - Level 3.5(5.5) Maces & Flails
 - Level 6.7(7.1) Staves
 - Level 6.0 Throwing
 + Level 4.2 Armour
 + Level 3.9 Dodging
 - Level 1.0 Spellcasting
 - Level 1.7 Translocations
 * Level 3.6 Evocations


You had 9 spell levels left.
You knew the following spells:

 Your Spells              Type           Power      Damage    Failure   Level
a - Apportation           Tloc           12%        N/A       22%         1

Your spell library contained the following spells:

 Spells                   Type           Power      Damage    Failure   Level
 Teleport Other           Tloc           6%         N/A       54%         3
 Petrify                  Tmut/Erth      0%         N/A       99%         4
 Metabolic Englaciation   Hex/Ice        0%         N/A       100%        5
 Statue Form              Tmut/Erth      0%         N/A       100%        6


Dungeon Overview and Level Annotations

Branches:
Dungeon (7/15)             Temple (0/1) D:6

Shops:
D:2 =

Annotations:
D:3 3 runed translucent doors, quinnr's ghost, amateur TeAE
D:7 2 transporters, Menkaure


Innate Abilities, Weirdness & Mutations

You have an increased reservoir of magic. (+10% MP)
You shall have no god before yourself.
Your divine heritage dramatically boosts your attributes as you level up.


Message History

You take 2 damage, and have 63/74 hp.
You hit the yak but do no damage. Lightning courses through the yak!
The yak is moderately wounded.
You hit the yak.
The yak is moderately wounded.
The yak gores you but does no damage.
You hit the yak but do no damage.
The yak is moderately wounded.
The yak gores you but does no damage.
You hit the yak. Lightning courses through the yak!
The yak is severely wounded.
The yak gores you.
You take 5 damage, and have 58/74 hp.
You hit the yak.
The yak is severely wounded.
The yak closely misses you.
You hit the yak.
The yak is severely wounded.
You barely miss the yak.
The yak is severely wounded.
The yak misses you.
You hit the yak. Lightning courses through the yak!
You kill the yak!
You hit the two-headed ogre.
Lightning courses through the two-headed ogre!
The two-headed ogre is moderately wounded.
The two-headed ogre closely misses you.
The two-headed ogre hits you with a +0 giant spiked club!!
You take 20 damage, and have 39/74 hp.
MASSIVE DAMAGE!!
You hit the two-headed ogre but do no damage.
The two-headed ogre is moderately wounded.
You hit the two-headed ogre.
The two-headed ogre is moderately wounded.
The two-headed ogre hits you with a +0 giant club.
The two-headed ogre hits you with a +0 giant spiked club!!
* * * LOW HITPOINT WARNING * * *
You take 27 damage, and have 13/74 hp.
MASSIVE DAMAGE!!
You are too injured to fight recklessly!
The two-headed ogre hits you with a +0 giant club!
You die...

*,#######.#.........#.#.
*,#..........##.#.#.....
*,#...............#...#.
*,#.........#...#.#.###.
*,#.........#.###.#.# ##
****,#.........#.###.#.# #
*,,,,#.....<...#.......# #
*,*####...O....####..#.####
*,#.......@................
*,#........##..#####.######
*******,####.........#....#Z...##
*,,,,,,,* #......##.#.##...##.#.
*,******* #......##)#.##..Z##.##
*,* #####..#..#...#.#O..#. *,*
#..#...#..#.#..#O. *,*
*****#..#..#...###...#. *,*
*,,,,...#..#.##...##.##


You could see a two-headed ogre.

Vanquished Creatures
  Pikel (D:7)
  A wraith (D:5)
  A yak (D:7)
  A steam dragon (D:5)
  A water moccasin (D:7)
  An ice beast (D:6)
  3 black bears
  4 sky beasts
  3 centaurs
  2 lemures (D:7)
  Blork the orc (D:6)
  A bullfrog (D:5)
  2 scorpions (D:7)
  A water moccasin zombie (D:5)
  A water moccasin skeleton (D:4)
  5 killer bees
  A bullfrog zombie (D:6)
  2 centaur zombies
  A gnoll shaman (D:7)
  2 hounds (D:5)
  2 orc priests (D:5)
  A jelly (D:4)
  2 bullfrog skeletons (D:6)
  Jessica (D:2)
  An iguana (D:5)
  Natasha (twice) (D:2)
  A howler monkey skeleton (D:7)
  11 gnolls
  6 adders
  A shadow imp (D:5)
  A worm (D:3)
  12 orcs
  8 ball pythons
  10 endoplasms
  4 giant cockroaches
  8 goblins
  5 hobgoblins
  2 jackals (D:2)
  10 kobolds
  5 quokkas
  4 bats (D:1)
  A frilled lizard (D:3)
  5 rats
138 creatures vanquished.

Notes
Turn   | Place    | Note
-------+----------+-------------------------------------------
     0 | D:1      | gimp the Demigod Wanderer began the quest for the Orb.
     0 | D:1      | gimp set off with the following items: a +2 quarterstaff, a
                  | +0 ring mail; and the following spell memorised:
                  | Apportation; and the following spells available to
                  | memorise: Teleport Other
     0 | D:1      | Reached XP level 1. HP: 16/16 MP: 4/4
   695 | D:1      | Reached XP level 2. HP: 23/23 MP: 5/5
  1649 | D:2      | Noticed Natasha
  1658 | D:2      | Killed Natasha
  1659 | D:2      | Reached XP level 3. HP: 13/29 MP: 6/6
  2020 | D:2      | Noticed Jessica
  2038 | D:2      | HP: 1/29 [Jessica (4)]
  2054 | D:2      | Killed Jessica
  2442 | D:2      | Found Yschoqur's Jewellery Shoppe.
  2609 | D:2      | Reached XP level 4. HP: 30/36 MP: 8/8
  2963 | D:2      | Noticed Natasha
  2966 | D:2      | Killed Natasha
  2967 | D:2      | Reached skill level 5 in Staves
  3627 | D:2      | Reached XP level 5. HP: 33/42 MP: 9/9
  4395 | D:3      | Found a runed translucent gate.
  4395 | D:3      | Found a runed translucent gate.
  4395 | D:3      | Found a runed translucent gate.
  4399 | D:3      | Noticed quinnr's ghost (amateur TeAE)
  5249 | D:4      | You fall into a shaft and drop 2 floors!
  5276 | D:6      | Reached XP level 6. HP: 34/51 MP: 10/10
  5376 | D:6      | Noticed a two-headed ogre
  5657 | D:5      | Entered Level 5 of the Dungeon
  6533 | D:4      | Identified the +9 whip "Kungiusk" {freeze, rC+}
  6867 | D:5      | Reached skill level 1 in Throwing
  6867 | D:5      | Reached XP level 7. HP: 35/60 MP: 11/11
  7097 | D:5      | Noticed a steam dragon
  7124 | D:5      | Killed a steam dragon
  7125 | D:5      | Reached skill level 5 in Fighting
  7656 | D:5      | Reached XP level 8. HP: 63/68 MP: 12/12
  7843 | D:5      | Reached skill level 5 in Throwing
  8670 | D:6      | Reached skill level 1 in Dodging
  8868 | D:6      | Noticed Blork the orc
  8876 | D:6      | Killed Blork the orc
  9015 | D:6      | Reached skill level 1 in Maces & Flails
  9254 | D:6      | Found a staircase to the Ecumenical Temple.
  9488 | D:7      | Found a transporter.
  9489 | D:7      | Noticed a green ugly thing
  9491 | D:7      | Noticed a red ugly thing
  9492 | D:7      | Found a transporter.
  9560 | D:7      | Noticed Menkaure
  9853 | D:7      | Noticed Pikel
 10122 | D:7      | Reached XP level 9. HP: 72/74 MP: 13/13
 10262 | D:7      | Killed Pikel
 10745 | D:7      | Noticed a two-headed ogre
 10787 | D:7      | Slain by a two-headed ogre

Illustrated notes

Levels and vault maps discovered:
D:1:      noname_arrival_rooms_in_the_neighbourhood, layout_basic,
          minmay_misc_feat_alley
D:2:      layout_loops_corners, chequers_ecumenical_altar_island, serial_shops,
          nicolae_square_shop, kennysheep_potato, uniq_jessica, uniq_natasha
D:3:      layout_basic, ebering_ghost_rock_garden
D:4:      layout_loops_corners
D:5:      layout_cave_pools, kennysheep_little_box
D:6:      layout_basic, minmay_temple_entry_wispy, serial_rivers,
          chequers_serial_rivers_room_b, chequers_serial_rivers_room_a,
          chequers_serial_rivers_small_3, chequers_serial_rivers_room_b,
          chequers_serial_rivers_micro_b, chequers_serial_rivers_large_b,
          uniq_blork_the_orc
D:7:      gammafunk_corrupted_shrine, layout_basic, minmay_the_grid_2x2
          [minmay_the_grid_square_x, minmay_the_grid_diamond_grid,
          minmay_the_grid_small_cups, minmay_the_grid_prize_big_room],
          uniq_menkaure, uniq_pikel

Skill      XL: |  1  2  3  4  5  6  7  8  9 |
---------------+----------------------------+-----
Staves         | 4 5 6 |  6.7
Fighting       | 2 3 4 5 |  5.0
Throwing       | 1 4 6 |  6.0
Dodging        | 2 3 |  3.9
Armour         | 3 4 |  4.2
Maces & Flails | 3 |  3.5
Evocations     | 3 |  3.6
Spellcasting   | |  1.0
Translocations | |  1.7

Action                   |  1- 3 |  4- 6 |  7- 9 || total
-------------------------+-------+-------+-------++-------
Melee: Quarterstaff      |    77 |   163 |    12 ||   252
       Whip              |       |    22 |   218 ||   240
Evoke: Wand              |       |       |     9 ||     9
  Use: Potion            |     1 |       |       ||     1
       Scroll            |       |    12 |     2 ||    14
 Stab: Paralysed         |       |       |    11 ||    11
Armor: Ring mail         |    24 |    73 |    75 ||   172
Dodge: Dodged            |    40 |    69 |   126 ||   235

Table legend: (Time is in decaauts)
 A = Elapsed time spent in this place.
 B = Non-inter-level travel time spent in this place.
 C = Inter-level travel time spent in this place.
 D = Time resting spent in this place.
 E = Time spent auto-exploring this place.
 F = Levels seen in this place.
 G = Mean time per level.
                   A        B        C        D        E       F      G
               +--------+--------+--------+--------+--------+-----+--------+
         Total |  10891 |  10579 |    312 |   1645 |   7382 |   7 | 1555.9 |
       Dungeon |  10891 |  10579 |    312 |   1645 |   7382 |   7 | 1555.9 |
               +--------+--------+--------+--------+--------+-----+--------+

Top non-repeatable levels by time:
     D:6: 2164 daAuts
     D:2: 2137 daAuts
     D:4: 1540 daAuts
     D:1: 1489 daAuts
     D:5: 1417 daAuts
     D:3: 1238 daAuts
     D:7: 904 daAuts
